 Dungeon Crawl Stone Soup version 0.30-b1-2-g02819fbbbe (webtiles) character file.

Game seed: 9352333998549716203

771 raph the Arsonist (level 7, 0/36 HPs)
             Began as a Deep Elf Fire Elementalist on May 5, 2023.
             Slain by Duvessa
             ... wielding a +0 short sword
              (12 damage)
             ... on level 4 of the Dungeon.
             The game lasted 00:07:47 (5378 turns).

raph the Arsonist (Deep Elf Fire Elementalist)      Turns: 5378, Time: 00:07:48

Health: 0/36       AC:  7    Str:  5    XL:     7   Next: 53%
Magic:  2/17       EV: 11    Int: 22    God:
Gold:   262        SH:  0    Dex: 15    Spells: 8/17 levels left

rFire   + . .        c - +0 dagger (holy)
rCold   . . .        (no shield)
rNeg    . . .        e - +1 leather armour {rF+}
rPois   .            k - +2 helmet
rElec   .            (no cloak)
rCorr   .            (no gloves)
SInv    .            (no boots)
Will    .....        (no amulet)
Stlth   +            (no ring)
HPRegen 0.26/turn    (no ring)
MPRegen 0.15/turn

%: no passive effects
@: mighty, silenced
A: no striking features
a: no special abilities


You were on level 4 of the Dungeon.
You visited 1 branch of the dungeon, and saw 4 of its levels.

You collected 262 gold pieces.

Inventory:

Hand Weapons
 c - a +0 dagger of holy wrath (weapon)
 d - a +0 dagger
Armour
 a - a +0 robe
 e - a +1 leather armour of fire resistance (worn)
 k - a +2 helmet (worn)
Wands
 s - a wand of polymorph (4)
Scrolls
 i - a scroll of magic mapping
 n - 2 scrolls of teleportation
 q - a scroll of fog
Potions
 b - a potion of magic
 f - a potion of flight
 h - 4 potions of heal wounds
 j - a potion of resistance {unknown}
 l - a potion of lignification {unknown}
 m - a potion of degeneration {unknown}
 o - a potion of attraction {unknown}
 p - 2 potions of brilliance {unknown}
 r - a potion of invisibility {unknown}


   Skills:
 + Level 2.4 Dodging
 - Level 2.4 Stealth
 + Level 5.6 Spellcasting
 + Level 2.4 Conjurations
 * Level 8.6 Fire Magic


You had 8 spell levels left.
You knew the following spells:

 Your Spells              Type           Power      Damage    Failure   Level
a - Foxfire               Conj/Fire      100%       2x1d9     1%          1
b - Scorch                Fire           88%        2d9       1%          2
c - Inner Flame           Hex/Fire       25%        N/A       9%          3
d - Volatile Blastmotes   Fire/Tloc      50%        2d14      9%          3

Your spell library contained the following spells:

 Spells                   Type           Power      Damage    Failure   Level
 Static Discharge         Conj/Air       22%        2-3/arc   14%         2
 Flame Wave               Conj/Fire      30%        2d9       16%         4
 Ensorcelled Hibernation  Hex/Ice        12%        N/A       24%         2
 Passwall                 Tmut/Erth      5%         N/A       24%         2
 Swiftness                Air            6%         N/A       43%         3
 Airstrike                Air            3%         2d(1-17)  85%         4
 Summon Lightning Spire   Summ/Air       6%         N/A       85%         4


Dungeon Overview and Level Annotations

Branches:
Dungeon (4/15)
 Temple: D:4-7

Altars:

Shops:
D:4 *

Annotations:
D:4 2 transporters, Duvessa; MrCrawl's ghost, amateur DsNe


Message History

Confirm with . or Enter, or press ? or * to list all spells.
Flames lash Duvessa but do no damage.
Duvessa hits you but does no damage.
Casting: Scorch (safe; 1% risk of failure)
Confirm with . or Enter, or press ? or * to list all spells.
Flames lash Duvessa.
Duvessa is burned terribly!
Duvessa is heavily wounded.
Duvessa hits you with a +0 short sword! Duvessa hits you with a +0 short sword.
Casting: Scorch (safe; 1% risk of failure)
Confirm with . or Enter, or press ? or * to list all spells.
Flames lash Duvessa but do no damage.
Duvessa hits you but does no damage.
Okay, then.
Okay, then.
Duvessa attacks as you move away! Duvessa barely misses you.
Duvessa rages.
Duvessa hits you with a +0 short sword!
* * * LOW HITPOINT WARNING * * *
You see here a hobgoblin corpse.
Casting: Scorch (safe; 1% risk of failure)
Confirm with . or Enter, or press ? or * to list all spells.
You don't have enough magic to cast this spell.
It was a potion of heal wounds.
You feel much better. Duvessa barely misses you.
As you read the scroll labelled BEKHAU UCAGEV, it crumbles to dust.
A profound silence engulfs you.
It was a scroll of silence.
Duvessa closely misses you. Duvessa hits you with a +0 short sword.
Duvessa attacks as you move away! Duvessa hits you with a +0 short sword.
Duvessa closely misses you. Duvessa attacks as you move away!
Duvessa hits you with a +0 short sword.
* * * LOW HITPOINT WARNING * * *
Duvessa attacks as you move away! Duvessa hits you with a +0 short sword.
* * * LOW HITPOINT WARNING * * *
Duvessa barely misses you.
Magic scrolls do not work when you're silenced!
Unknown command.
You feel much better. Duvessa hits you but does no damage.
You feel very mighty all of a sudden.
Duvessa is no longer more vulnerable to fire.
Duvessa hits you with a +0 short sword! Duvessa completely misses you.
Duvessa attacks as you move away!
Duvessa hits you with a +0 short sword! x2
You die...

####### #.# ###.......# .......#
#(# #.........#
######.######.###.#.......#######
................#.##.........)...
...<....#####.#.#.###...########.
######..# ###.#.#.# ##### #. ...#
# #.....#.# ### #.
###########.###...# ##.#######.
##...##..# #.@.# #..........
?###.....##.###e..### ##.########
..#...)...#.........# #.#
..#...†...#.#.#.....# #.#
..#.......#.........# #.# .
##.....##...#..>..####.########
##...##†##...................)
######)###.####...........#######
...........# #.#.######.## ####


You could see Duvessa (berserk).

Vanquished Creatures
  Sigmund (D:4)
  An ogre (D:4)
  2 scorpions (D:4)
  Dowan (D:4)
  A howler monkey (D:4)
  Ijyb (D:4)
  Terence (D:3)
  Natasha (thrice) (D:2)
  Robin (D:2)
  4 gnolls (D:3)
  5 adders
  A worm (D:3)
  3 dart slugs
  8 orcs
  An endoplasm (D:1)
  3 giant cockroaches (D:1)
  9 goblins
  13 hobgoblins
  5 jackals (D:1)
  3 kobolds
  4 quokkas
  4 ball pythons
  3 bats
  2 frilled lizards
  3 rats
83 creatures vanquished.

Vanquished Creatures (others)
  181 foxfires
181 creatures vanquished.

Grand Total: 264 creatures vanquished

Notes
Turn   | Place    | Note
-------+----------+-------------------------------------------
     0 | D:1      | raph the Deep Elf Fire Elementalist began the quest for the
                  | Orb.
     0 | D:1      | Reached XP level 1. HP: 10/10 MP: 6/6
   109 | D:1      | Found a faded altar of an unknown god.
   491 | D:1      | Reached skill level 4 in Fire Magic
   491 | D:1      | Reached XP level 2. HP: 15/15 MP: 4/8
   494 | D:1      | Learned a level 2 spell: Scorch
  1406 | D:2      | Noticed Natasha
  1414 | D:2      | Killed Natasha
  1415 | D:2      | Reached skill level 5 in Fire Magic
  1415 | D:2      | Reached XP level 3. HP: 10/19 MP: 6/9
  1419 | D:2      | Learned a level 3 spell: Inner Flame
  1969 | D:2      | Reached XP level 4. HP: 24/24 MP: 5/10
  2054 | D:2      | Noticed Natasha
  2057 | D:2      | Killed Natasha
  2125 | D:2      | Noticed Robin
  2127 | D:2      | Killed Robin
  2440 | D:2      | Noticed Natasha
  2444 | D:2      | Killed Natasha
  2445 | D:2      | Reached skill level 6 in Fire Magic
  2571 | D:3      | Reached XP level 5. HP: 28/28 MP: 6/11
  2753 | D:3      | Learned a level 3 spell: Volatile Blastmotes
  3084 | D:3      | Noticed Terence
  3092 | D:3      | Killed Terence
  3735 | D:4      | Reached skill level 7 in Fire Magic
  3848 | D:4      | Reached XP level 6. HP: 32/32 MP: 7/12
  4389 | D:4      | Noticed MrCrawl's ghost (amateur DsNe)
  4402 | D:4      | Found Qioc's Serpentskin Sales.
  4474 | D:4      | Found a transporter.
  4502 | D:4      | Noticed Sigmund
  4513 | D:4      | Killed Sigmund
  4514 | D:4      | Reached skill level 8 in Fire Magic
  4514 | D:4      | Reached XP level 7. HP: 35/36 MP: 2/15
  4675 | D:4      | Noticed Ijyb
  4687 | D:4      | Killed Ijyb
  4693 | D:4      | Reached skill level 5 in Spellcasting
  5221 | D:4      | Found a transporter.
  5274 | D:4      | Noticed Duvessa
  5274 | D:4      | Noticed Dowan
  5357 | D:4      | Killed Dowan
  5378 | D:4      | Slain by Duvessa

Illustrated notes

Levels and vault maps discovered:
D:1:      minmay_arrival_widening_spiral_wide, layout_loops_ring,
          hellmonk_ecumenical_altar_lost_god, hangedman_decor_opposing,
          minmay_pentomino_q2
D:2:      layout_loops_corners, uniq_robin, uniq_natasha
D:3:      layout_basic, minmay_quantized, uniq_terence
D:4:      kennysheep_six_static_rooms, layout_loops_ring,
          gammafunk_ghost_mausoleum, guppyfry_shop_venom, uniq_sigmund,
          uniq_ijyb, uniq_duvessa

Skill      XL: |  1  2  3  4  5  6  7 |
---------------+----------------------+-----
Fire Magic     | 4 5 6 7 8 |  8.6
Conjurations   | 2 |  2.4
Spellcasting   | 4 5 |  5.6
Dodging        | |  2.4
Stealth        | |  2.4

Action                     |  1- 3 |  4- 6 |  7- 9 || total
---------------------------+-------+-------+-------++-------
  Melee: Dagger            |     4 |     2 |     1 ||     7
   Cast: Foxfire           |    37 |    56 |    12 ||   105
         Scorch            |    16 |    29 |    14 ||    59
         Inner Flame       |       |     4 |     1 ||     5
         Volatile Blastmot |       |     1 |     1 ||     2
    Use: Scroll            |     5 |     5 |     3 ||    13
         Potion            |       |       |     3 ||     3
   Stab: Sleeping          |     1 |       |       ||     1
 Armour: Robe              |     1 |       |       ||     1
         Leather armour    |     6 |     3 |     8 ||    17
  Dodge: Dodged            |    10 |     3 |    16 ||    29
